 Dungeon Crawl Stone Soup version 0.29-a0-356-g7bc237e783 (webtiles) character file.

Game seed: 8973725427733176789

16 jaega1 the Cudgeller (level 2, -1/26 HPs)
             Began as an Ogre Gladiator on Apr 25, 2022.
             Was a Follower of Hepliaklqana.
             Succumbed to an adder's poison
             ... on level 2 of the Dungeon.
             The game lasted 00:03:00 (1008 turns).

jaega1 the Cudgeller (Ogre Gladiator)               Turns: 1008, Time: 00:03:00

Health: -1/26      AC:  7    Str: 17    XL:     2   Next: 58%
Magic:  2/2        EV: 10    Int:  9    God:    Hepliaklqana [*.....]
Gold:   27         SH:  0    Dex: 10    Spells: 1/1 levels left

rFire   . . .      SeeInvis .   a - +0 flail
rCold   . . .      Faith    .   (no shield)
rNeg    . . .      Spirit   .   b - +0 robe
rPois   .          Reflect  .   c - +0 hat
rElec   .          Harm     .   (no cloak)
rCorr   .          Rampage  .   (gloves unavailable)
Will    .....                   (boots unavailable)
Stlth   +.........              (no amulet)
HPRegen 0.08/turn               p - +4 ring of protection
MPRegen 0.08/turn               (no ring)

@: lethally poisoned (-1 -> -7)
A: reduced essence, large, unfitting armour, tough skin 1
a: Renounce Religion, Recall Ancestor, Ancestor Identity


You were on level 2 of the Dungeon.
You worshipped Hepliaklqana.
Hepliaklqana was aware of your devotion.
You visited 1 branch of the dungeon, and saw 2 of its levels.

You collected 27 gold pieces.

Inventory:

Hand Weapons
 a - a +0 flail (weapon)
 g - a +2 vorpal scythe
Missiles
 d - 3 throwing nets (quivered)
 e - a large rock
Armour
 b - a +0 robe (worn)
 c - a +0 hat (worn)
Magical Staves
 i - a staff of conjuration
Jewellery
 p - a +4 ring of protection (left hand)
Scrolls
 f - a scroll of teleportation {unknown}
 h - 3 scrolls of identify {unknown}
 k - a scroll of vulnerability {unknown}
 l - a scroll of summoning {unknown}
 m - a scroll of enchant armour {unknown}
 q - a scroll of enchant weapon {unknown}
Potions
 j - a potion of heal wounds {unknown}
 n - a potion of degeneration {unknown}
 o - a potion of ambrosia {unknown}
 r - a potion of mutation {unknown}


   Skills:
 - Level 2.6 Fighting
 * Level 3.5 Maces & Flails
 - Level 2.0 Throwing
 - Level 2.6 Dodging


You had one spell level left.
You didn't know any spells.
Your spell library contained the following spells:

 Spells                   Type           Power      Damage    Failure   Level
 Ensorcelled Hibernation  Hex/Ice        0%         N/A       52%         2
 Spider Form              Tmut/Pois      0%         N/A       77%         3
 Anguish                  Hex/Necr       0%         N/A       99%         4


Dungeon Overview and Level Annotations

Branches:
Dungeon (2/15)

Altars:
Hepliaklqana


Innate Abilities, Weirdness & Mutations

Your life essence is reduced to manifest your ancestor. (-10% HP)
You are too large for most types of armour.
You have tough skin. (AC +1)


Message History

The adder is severely wounded.
You feel sick. The ball python bites you. The adder barely misses you.
You miss the adder.
The adder is severely wounded.
You feel sick.
You are no longer poisoned.
The ball python bites you but does no damage.
The adder closely misses you. The ball python closely misses you.
The adder bites you but does no damage.
You closely miss the adder.
The adder is heavily wounded.
The adder misses you.
The ball python bites you but does no damage.
You miss the adder.
The adder is heavily wounded.
The adder closely misses you. The ball python closely misses you.
The adder bites you.
* * * LOW HITPOINT WARNING * * *
The ball python bites you but does no damage.
You miss the adder.
The adder is heavily wounded.
The adder bites you but does no damage. The ball python closely misses you.
The adder bites you.
* * * LOW HITPOINT WARNING * * *
You barely miss the adder.
The adder is heavily wounded.
The ball python barely misses you. The adder bites you but does no damage.
The ball python bites you.
* * * LOW HITPOINT WARNING * * *
You barely miss the adder.
The adder is heavily wounded.
The adder bites you.
* * * LOW HITPOINT WARNING * * *
You are lethally poisoned!
The adder poisons you!
The ball python bites you but does no damage.
The adder closely misses you.
You hit the adder.
You kill the adder!
You die...

.#+##.# ... #...#. ......#
.. #...#.## ......##.
#...#... ........#+#
#...#..
........#.####...#..
........+........#.####
........#.####...#....####
........'........#.......#
........#.####..@Sg........
.................#.........
........#.#####..#[###.####
........#.# ....#.# ...
........#.# .....#.# ...
...#....#.#......#.# ..#
...#....#.#......#.. ...
...#.#....#......#.?
...#.#####.


You could see a gnoll shaman and a ball python.

Vanquished Creatures
  An adder (D:2)
  A ball python (D:1)
  2 endoplasms
  A goblin (D:1)
  2 quokkas (D:1)
  A bat (D:1)
  A frilled lizard (D:1)
  A kobold (D:1)
  2 rats
12 creatures vanquished.

Vanquished Creatures (collateral kills)
  An endoplasm (D:2)
  A giant cockroach (D:1)
  A quokka (D:1)
  A rat (D:1)
4 creatures vanquished.

Vanquished Creatures (others)
  An ancestor (D:2)
1 creature vanquished.

Grand Total: 17 creatures vanquished

Notes
Turn   | Place    | Note
-------+----------+-------------------------------------------
     0 | D:1      | jaega1 the Ogre Gladiator began the quest for the Orb.
     0 | D:1      | Reached XP level 1. HP: 22/22 MP: 1/1
    69 | D:1      | Found a faded altar of an unknown god.
    90 | D:1      | Prayed at the altar of an unknown god.
    90 | D:1      | Became a worshipper of Hepliaklqana the Forgotten
    90 | D:1      | Reached * piety under Hepliaklqana
   181 | D:1      | Reached skill level 3 in Maces & Flails
   271 | D:1      | Reached XP level 2. HP: 15/26 MP: 2/2
  1007 | D:2      | HP: 1/26 [adder (3)]
  1008 | D:2      | Succumbed to an adder's poison

Illustrated notes

Levels and vault maps discovered:
D:1:      tarquinn_simple_flora_water_e, layout_basic,
          hellmonk_ecumenical_altar_lost_god
D:2:      minmay_recursive_quarters, layout_basic, kennysheep_generic_room_3

Skill      XL: |  1 |
---------------+----+-----
Maces & Flails | 3 |  3.5
Fighting       | |  2.6
Throwing       | |  2.0
Dodging        | |  2.6

Action                   || total
-------------------------++-------
Melee: Flail             ||    47
Invok: Ancestor Identity ||     1
 Stab: Distracted        ||     1
Armor: Robe              ||    29
Dodge: Dodged            ||    36

Table legend: (Time is in decaauts)
 A = Elapsed time spent in this place.
 B = Non-inter-level travel time spent in this place.
 C = Inter-level travel time spent in this place.
 D = Time resting spent in this place.
 E = Time spent auto-exploring this place.
 F = Levels seen in this place.
 G = Mean time per level.
                   A        B        C        D        E       F      G
               +--------+--------+--------+--------+--------+-----+--------+
         Total |   1018 |    936 |     82 |      0 |    716 |   2 |  509.0 |
       Dungeon |   1018 |    936 |     82 |      0 |    716 |   2 |  509.0 |
               +--------+--------+--------+--------+--------+-----+--------+

Top non-repeatable levels by time:
     D:1: 907 daAuts
     D:2: 110 daAuts
